[Event "GER-ch Blitz 2019"]
[Site "Magdeburg"]
[Date "2019.05.25"]
[Round "3.7"]
[White "Hirneise, Jens"]
[Black "Ehmann, Thilo"]
[Result "1-0"]
[ECO "B47"]
[WhiteElo "2375"]
[BlackElo "2291"]
[Annotator "NA"]
[PlyCount "93"]
[EventDate "2019.05.25"]
[EventType "tourn"]
[EventCountry "GER"]
[Tiebreak "Number of wins+Number of black wins"]
[SourceTitle "playchess.com"]
[Source "ChessBase"]
[SourceQuality "1"]
[TimeControl "180+2"]

1. e4 c5 2. Nf3 e6 3. Nc3 Nc6 4. d4 cxd4 5. Nxd4 Qc7 6. Be2 a6 7. a3 Nf6 8. f4 d6 9. Be3 Be7 10. g4 b5 11. g5 Nd7 12. Nxc6 Qxc6 13. Qd4 e5 14. Qd2 Nb6 15. Bxb6 Qxb6 16.
Nd5 Qd8 17. O-O-O Bb7 18. Nxe7 Qxe7 19. Qxd6 Qxd6 20. Rxd6 exf4 21. Bd3 h6 22. gxh6 Rxh6 23. Rxh6 gxh6 24. Rf1 Ke7 25. Rxf4 Rg8 26. Rh4 Rg6 27. Kd2 Re6 28. Kc3 Rc6+ 29. Kb4 Re6 30. b3 Kd6 31. Rf4 Ke7 32. a4 Re5 33. axb5 axb5 34. Bxb5 Bxe4 35. c4 f5 36. c5 Kf6 37. c6 Re7 38. Kc5 Ke5 39. Rh4 Rh7 40. Kb6 Kd6 41.
c7 Rh8 42. Rxh6+ Rxh6 43. c8=Q Ke5+ 44. Kc5 Kf4 45. Qc7+ Ke3 46. Qg3+ Bf3 47. Qg5+ 1-0

[Event "GER-ch Blitz 2019"]
[Site "Magdeburg"]
[Date "2019.05.25"]
[Round "3.11"]
[White "Schneider, Ilja"]
[Black "Koch, Thomas"]
[Result "1/2-1/2"]
[ECO "B22"]
[WhiteElo "2494"]
[BlackElo "2474"]
[Annotator "RC"]
[PlyCount "150"]
[EventDate "2019.05.25"]
[EventType "tourn"]
[EventCountry "GER"]
[Tiebreak "Number of wins+Number of black wins"]
[SourceTitle "playchess.com"]
[Source "ChessBase"]
[SourceQuality "1"]
[TimeControl "180+2"]

1. e4 c5 2. c3 d5 3. exd5 Qxd5 4. Nf3 e6 5. Na3 Qd8 6. Nc2 Nf6 7. d4 Nc6 8. Be2 Be7 9. O-O O-O 10. Be3 cxd4 11. Nfxd4 Bd7 12. Bf3 Ne5 13. Be2 Rc8 14. Nf3 Nc6 15. Ncd4 Nxd4 16. Bxd4 a6 17. Ne5 Qc7 18. Nxd7 Nxd7 19. Bf3 Bc5 20. Re1 Rfd8 21. Qb3 Bxd4 22. cxd4 Nb6 23. g3 Nd5 24. Kg2 g6 25. h4 h5 26. Rac1 Qd7 27. Bxd5 Rxc1 28. Bxe6 Qc6+ 29. Bd5 Rxd5 30. Rxc1 Rc5+ 31. d5 Qxd5+ 32. Qxd5 Rxd5 33. Rc7 Rb5 34. b3 Kg7 35. Kf3 Rb4 36. Ke3 Kf6 37. Kd3 Ke6 38. Kc3 Rb5 39. a4 Rb6 40. Kc4 a5 41. Rc5 Rb4+ 42. Kc3 b6 43. Rc4 Rxc4+ 44. Kxc4 Kd6 45. Kb5 Kc7 46. f3 Kb7 47. g4 Kc7 48. g5 Kb7 49. f4 Kc7 50.
Kc4 Kc6 51. Kd4 Kd6 52. Ke4 Ke6 53. f5+ Kd6 54. fxg6 fxg6 55. Kd4 Ke6 56. Kc4 Kf5 57. Kb5 Kg4 58. Kxb6 Kxh4 59. Kxa5 Kxg5 60. b4 h4 61. b5 h3 62. b6 h2 63. b7 h1=Q 64. b8=Q Qe1+ 65. Qb4 Qe5+ 66. Qb5 Kf4 67. Kb4 Qd6+ 68. Qc5 Qd2+ 69. Kb5 Qd7+ 70. Qc6 Qxc6+ 71. Kxc6 g5 72. a5 g4 73. a6 g3 74. a7 g2 75. a8=Q g1=Q 1/2-1/2

[Event "GER-ch Blitz 2019"]
[Site "Magdeburg"]
[Date "2019.05.25"]
[Round "3.12"]
[White "Wichmann, Cliff"]
[Black "Krause, Benedict"]
[Result "1/2-1/2"]
[ECO "D85"]
[WhiteElo "2280"]
[BlackElo "2434"]
[Annotator "NA"]
[PlyCount "40"]
[EventDate "2019.05.25"]
[EventType "tourn"]
[EventCountry "GER"]
[Tiebreak "Number of wins+Number of black wins"]
[SourceTitle "playchess.com"]
[Source "ChessBase"]
[SourceQuality "1"]
[TimeControl "180+2"]

1. Nf3 Nf6 2. d4 g6 3. c4 Bg7 4. Nc3 d5 5. cxd5 Nxd5 6. e4 Nxc3 7. bxc3 c5 8. Rb1 O-O 9. Be2 Nc6 10. d5 Ne5 11. Nxe5 Bxe5 12. c4 f5 13.
exf5 Rxf5 14. O-O b6 15. Bb2 Bxb2 16. Rxb2 Qd6 17. Rb3 Bd7 18. Re3 Re5 19. Qd2 Rxe3 20. Qxe3 Rf8 1/2-1/2

[Event "GER-ch Blitz 2019"]
[Site "Magdeburg"]
[Date "2019.05.25"]
[Round "3.13"]
[White "Hebbinghaus, Holger"]
[Black "Feuerstack, Aljoscha"]
[Result "1/2-1/2"]
[ECO "B20"]
[WhiteElo "2310"]
[BlackElo "2441"]
[Annotator "NA"]
[PlyCount "31"]
[EventDate "2019.05.25"]
[EventType "tourn"]
[EventCountry "GER"]
[Tiebreak "Number of wins+Number of black wins"]
[SourceTitle "playchess.com"]
[Source "ChessBase"]
[SourceQuality "1"]
[TimeControl "180+2"]

1. e4 c5 2. Be2 e6 3. f4 d6 4. Nf3 Nf6 5. d3 Be7 6. O-O b6 7. Kh1 Bb7 8. Be3 Nbd7 9. Nbd2 Qc7 10. c3 h5 11. a4 h4 12. Ng5 Nh7 13. Nh3 Nhf6 14. Ng5 Nh7 15. Nh3 Nhf6 16. Ng5 1/2-1/2

[Event "GER-ch Blitz 2019"]
[Site "Magdeburg"]
[Date "2019.05.25"]
[Round "3.14"]
[White "Voege, Tobias"]
[Black "Barzen, Pascal"]
[Result "0-1"]
[ECO "E21"]
[WhiteElo "2294"]
[BlackElo "2292"]
[Annotator "NA"]
[PlyCount "106"]
[EventDate "2019.05.25"]
[EventType "tourn"]
[EventCountry "GER"]
[Tiebreak "Number of wins+Number of black wins"]
[SourceTitle "playchess.com"]
[Source "ChessBase"]
[SourceQuality "1"]
[TimeControl "180+2"]

1. d4 Nf6 2. c4 e6 3. Nc3 Bb4 4. Nf3 O-O 5. Bg5 h6 6. Bh4 c5 7. e3 d6 8. Bd3 Nc6 9. O-O Bxc3 10. bxc3 e5 11. d5 Na5 12. Nd2 g5 13.
Bg3 Qe7 14. Qc2 Nh5 15. Rae1 f5 16. Be2 Qf7 17. f4 Nxg3 18.
hxg3 gxf4 19. gxf4 e4 20. Kf2 Kh8 21. Rh1 Qg7 22. Rh3 Rf6 23.
Reh1 Bd7 24. Bh5 Rg8 25. g3 b6 26. Qd1 b5 27. Qg1 bxc4 28.
Qh2 Rb8 29. Bf7 Kh7 30. Be6 Bxe6 31. dxe6 Rxe6 32. Rh5 Rf6 33. Qh3 Rb2 34. Ke2 Qg4+ 35.
Qxg4 fxg4 36. Rd1 Rxa2 37. Ke1 Nb3 38. Nxe4 Rf8 39. Rxd6 Ra1+ 40. Kf2 Ra2+ 41. Kg1 Ra1+ 42. Kg2 Ra2+ 43. Nf2 Re8 44. Rhxh6+ Kg7 45. Rhg6+ Kh7 46. Rxg4 Rxe3 47. Rh4+ Kg7 48. f5 Nd2 49. Rg6+ Kf7 50. Rf4 Ne4 51. Rxe4 Rxe4 52. Rc6 Ree2 53. Rxc5 Rxf2+ 0-1

[Event "GER-ch Blitz 2019"]
[Site "Magdeburg"]
[Date "2019.05.25"]
[Round "3.15"]
[White "Heistermann, Till"]
[Black "Braeuning, Rudolf Wilhelm"]
[Result "0-1"]
[ECO "A06"]
[WhiteElo "2181"]
[BlackElo "2285"]
[Annotator "NA"]
[PlyCount "108"]
[EventDate "2019.05.25"]
[EventType "tourn"]
[EventCountry "GER"]
[Tiebreak "Number of wins+Number of black wins"]
[SourceTitle "playchess.com"]
[Source "ChessBase"]
[SourceQuality "1"]
[TimeControl "180+2"]

1. Nf3 d5 2. g3 Nf6 3. Bg2 Bf5 4. O-O e6 5. d3 h6 6. b3 Be7 7. Bb2 O-O 8. c4 c5 9. Nbd2 Nc6 10. a3 d4 11. Qc2 e5 12. Rfd1 Qd7 13.
Ne1 Rad8 14. Ne4 Nxe4 15. dxe4 Bh3 16. Bh1 f5 17. Nd3 f4 18. b4 cxb4 19. axb4 Bxb4 20. Nxb4 Nxb4 21. Qb3 Nc6 22. Rab1 Qf7 23. Bf3 Rd7 24. Ba3 Rfd8 25. c5 Be6 26. Qc2 d3 27. Rxd3 Rxd3 28. exd3 fxg3 29. Bg2 Nd4 30. Qd2 gxh2+ 31. Kh1 Bg4 32. Bb2 Nf3 33. Qe3 Nh4 34. Bxe5 Rf8 35. f4 Ng6 36. d4 Nxf4 37. Bxf4 Qxf4 38. Qxf4 Rxf4 39. Rxb7 a5 40. Ra7 Rf2 41. Rxa5 Rc2 42. Kxh2 h5 43. Kg3 g5 44. e5 Be6 45. d5 h4+ 46. Kh2 Bxd5 47. Kh3 Rxg2 48. Ra7 Rg3+ 49. Kh2 Rc3 50. Rd7 Bc6 51. Rd6 Rxc5 52. e6 Kf8 53.
Rd4 Ke7 54. Rg4 Kxe6 0-1

[Event "GER-ch Blitz 2019"]
[Site "Magdeburg"]
[Date "2019.05.25"]
[Round "4.2"]
[White "Svane, Frederik"]
[Black "Zelbel, Patrick"]
[Result "0-1"]
[ECO "C63"]
[WhiteElo "2342"]
[BlackElo "2439"]
[Annotator "NA"]
[PlyCount "50"]
[EventDate "2019.05.25"]
[EventType "tourn"]
[EventCountry "GER"]
[Tiebreak "Number of wins+Number of black wins"]
[SourceTitle "playchess.com"]
[Source "ChessBase"]
[SourceQuality "1"]
[TimeControl "180+2"]

1. e4 e5 2. Nf3 Nc6 3. Bb5 f5 4. d3 fxe4 5. dxe4 Nf6 6. O-O Bc5 7. Nc3 O-O 8. Bxc6 bxc6 9. Nxe5 d6 10. Nxc6 Qe8 11. Nd4 Nxe4 12. Be3 Nxc3 13. bxc3 Qg6 14. Qd3 Qf7 15. Qe4 Ba6 16. Rfe1 Rae8 17. Qg4 Bb7 18. Qg3 Qh5 19. Rab1 Bd5 20. a4 Rf6 21. Qg5 Qf7 22. Qh4 Rg6 23. f3 Bxf3 24. Nxf3 Qxf3 25. Qf2 Bxe3 0-1

[Event "GER-ch Blitz 2019"]
[Site "Magdeburg"]
[Date "2019.05.25"]
[Round "4.3"]
[White "Kopylov, Daniel"]
[Black "Heidrich, Manfred"]
[Result "0-1"]
[ECO "B29"]
[WhiteElo "2263"]
[BlackElo "2351"]
[Annotator "NA"]
[PlyCount "110"]
[EventDate "2019.05.25"]
[EventType "tourn"]
[EventCountry "GER"]
[Tiebreak "Number of wins+Number of black wins"]
[SourceTitle "playchess.com"]
[Source "ChessBase"]
[SourceQuality "1"]
[TimeControl "180+2"]

1. e4 c5 2. Nf3 Nf6 3. Nc3 Nc6 4. d4 d5 5. exd5 Nxd5 6. Nxd5 Qxd5 7. dxc5 Qxc5 8. c3 e5 9. Be3 Qa5 10. Bc4 Be7 11. Qd5 Qxd5 12. Bxd5 f6 13. O-O-O Bf5 14. Nh4 Bd7 15. Bf7+ Kxf7 16. Rxd7 Rab8 17. Rhd1 Ke6 18. g4 Rhd8 19. Rxd8 Rxd8 20. Nf5 Rxd1+ 21. Kxd1 Bf8 22. h4 g6 23. Ng3 f5 24. gxf5+ gxf5 25. Bc1 f4 26. Ne4 h5 27. f3 Be7 28. Bd2 Bxh4 29. Nc5+ Kf5 30. Nxb7 Be7 31. b4 e4 32. fxe4+ Kxe4 33. Ke2 Ne5 34. Na5 h4 35. Nb3 f3+ 36. Kf1 Ng4 37. Be1 h3 38. Kg1 h2+ 39. Kh1 Bd6 40. Nd2+ Kf4 41. c4 f2 42. Bxf2 Nxf2+ 43. Kxh2 Ke3+ 44. Kg2 Kxd2 45. c5 Ne4 46. Kf3 Kd3 47. cxd6 Nxd6 48. Kf4 Kc4 49. Ke5 Nb5 50. a4 Kxb4 51. axb5 Kxb5 52. Kd4 Kb4 53. Kd3 Kb3 54. Kd4 a5 55. Kc5 a4 0-1

[Event "GER-ch Blitz 2019"]
[Site "Magdeburg"]
[Date "2019.05.25"]
[Round "4.5"]
[White "Stein, Robert"]
[Black "Kopylov, Michael"]
[Result "1/2-1/2"]
[ECO "D30"]
[WhiteElo "2318"]
[BlackElo "2413"]
[Annotator "NA"]
[PlyCount "58"]
[EventDate "2019.05.25"]
[EventType "tourn"]
[EventCountry "GER"]
[Tiebreak "Number of wins+Number of black wins"]
[SourceTitle "playchess.com"]
[Source "ChessBase"]
[SourceQuality "1"]
[TimeControl "180+2"]

1. d4 d5 2. c4 e6 3. Nf3 c6 4. g3 dxc4 5. Bg2 b5 6. Ne5 Bb7 7. a4 a6 8. Nc3 Qb6 9. O-O Nf6 10. e4 Nbd7 11. Nxd7 Nxd7 12. d5 cxd5 13. exd5 e5 14. Be3 Bc5 15. Bxc5 Nxc5 16. Qh5 O-O 17. Qxe5 Nd3 18. Qe2 Rfe8 19. Qd2 Rad8 20. axb5 axb5 21. b4 Nxb4 22. Rab1 Qc5 23. Ne4 Rxe4 24. Qxb4 Qxb4 25. Rxb4 Rd4 26. Rxb5 Bxd5 27. Rc5 Bxg2 28. Kxg2 h6 29. Rc1 R8d6 1/2-1/2

[Event "GER-ch Blitz 2019"]
[Site "Magdeburg"]
[Date "2019.05.25"]
[Round "4.7"]
[White "Frischmann, Rick"]
[Black "Braeuer, Franz"]
[Result "1-0"]
[ECO "B51"]
[WhiteElo "2320"]
[BlackElo "2445"]
[Annotator "NA"]
[PlyCount "101"]
[EventDate "2019.05.25"]
[EventType "tourn"]
[EventCountry "GER"]
[Tiebreak "Number of wins+Number of black wins"]
[SourceTitle "playchess.com"]
[Source "ChessBase"]
[SourceQuality "1"]
[TimeControl "180+2"]

1. e4 c5 2. Nf3 d6 3. Bb5+ Nd7 4. Ba4 a6 5. c4 Ngf6 6. O-O e6 7.
Nc3 Be7 8. d4 cxd4 9. Qxd4 O-O 10. Rd1 Qc7 11. Bxd7 Bxd7 12. Bf4 Bc6 13. Bxd6 Bxd6 14. Qxd6 Qxd6 15. Rxd6 Bxe4 16. Nxe4 Nxe4 17.
Rd4 Nf6 18. Rad1 Rac8 19. b4 h6 20. Ne5 a5 21. a3 axb4 22. axb4 Ra8 23. f3 Ra4 24. b5 g6 25. c5 Rxd4 26. Rxd4 Nd5 27. Ra4 Rc8 28. Ra7 Rxc5 29. Rxb7 Nc7 30. b6 Nd5 31. Nxf7 Rb5 32. Nxh6+ Kf8 33. Rb8+ Ke7 34. b7 Kd7 35. Rg8 Rxb7 36. Rxg6 Rb2 37. Ng4 Ke7 38. h4 Rxg2+ 39. Kxg2 Nf4+ 40. Kg3 Nxg6 41. h5 Nf8 42. Kf4 Kf7 43. Kg5 Kg7 44. h6+ Kh8 45. Nf6 e5 46.
Kf5 e4 47. fxe4 Ng6 48. Ng4 Nh4+ 49. Kf6 Nf3 50. e5 Nd4 51. e6 1-0

[Event "GER-ch Blitz 2019"]
[Site "Magdeburg"]
[Date "2019.05.25"]
[Round "4.10"]
[White "Koch, Thomas"]
[Black "Schulz, Karsten"]
[Result "1/2-1/2"]
[ECO "E70"]
[WhiteElo "2474"]
[BlackElo "2227"]
[Annotator "ChessBase"]
[PlyCount "188"]
[EventDate "2019.05.25"]
[EventType "tourn"]
[EventCountry "GER"]
[Tiebreak "Number of wins+Number of black wins"]
[SourceTitle "playchess.com"]
[Source "ChessBase"]
[SourceQuality "1"]
[TimeControl "180+2"]

1. d4 Nf6 2. c4 g6 3. Nc3 Bg7 4. e4 O-O 5. Nf3 c6 6. Bd3 d6 7. h3 a6 8. O-O b5 9. a3 Bb7 10. Re1 bxc4 11. Bxc4 d5 12. Bd3 dxe4 13. Nxe4 Nxe4 14. Bxe4 Nd7 15.
Qb3 Qc7 16. Qc2 Nf6 17. Bd3 Nd5 18. Bg5 e6 19. Rac1 Rac8 20.
Qd2 Qb6 21. Bh6 c5 22. Bxg7 Kxg7 23. Ne5 Rfd8 24. dxc5 Rxc5 25.
Rxc5 Qxc5 26. Be4 Qc7 27. Ng4 Qe7 28. Bxd5 Rxd5 29. Qc3+ f6 30. Rc1 Rd7 31. Qe3 e5 32. Qb6 h5 33. Ne3 Kh7 34. b4 Kh6 35.
Qc5 Qd6 36. Qxd6 Rxd6 37. Rc7 Be4 38. h4 f5 39. Nc4 Rd1+ 40.
Kh2 Ra1 41. Nxe5 Rxa3 42. f3 Bb1 43. Nf7+ Kg7 44. Ng5+ Kg8 45.
Kg3 Ra4 46. Rb7 Bd3 47. Ne6 Bb5 48. Nf4 Rxb4 49. Nxg6 a5 50. Ne7+ Kf8 51. Nxf5 a4 52. Nd6 a3 53. Nxb5 a2 54. Ra7 Rxb5 55. Rxa2 Kf7 56. Ra6 Kg7 57. Re6 Rb2 58. Re5 Kg6 59. Rg5+ Kh6 60. Kh3 Rc2 61. Rf5 Rc1 62. g4 hxg4+ 63. fxg4 Rc3+ 64. Kg2 Rc2+ 65. Rf2 Rc3 66. Rf3 Rc2+ 67. Kg3 Rc4 68. Rf6+ Kg7 69. Rf5 Kg6 70. h5+ Kh6 71. Kh4 Rc1 72. Rf6+ Kg7 73. Rb6 Rc7 74. Re6 Rd7 75. Kg5 Rd5+ 76. Kf4 Rd4+ 77. Re4 Rd7 78. g5 Rc7 79. Kg4 Rb7 80. Kf5 Rc7 81. Ke6 Rc5 82. Re5 Rc6+ 83. Kd7 Rc2 84. Re7+ Kf8 85. Re8+ Kf7 86. Re7+ Kf8 87. Re5 Kf7 88. Rf5+ Kg7 89. Kd6 Rh2 90. g6 Kh6 91. Ke6 Ra2 92. Re5 Ra7 93. Kf6 Ra6+ 94. Kf7 Rxg6 1/2-1/2

[Event "GER-ch Blitz 2019"]
[Site "Magdeburg"]
[Date "2019.05.25"]
[Round "4.11"]
[White "Carow, Johannes"]
[Black "Wichmann, Cliff"]
[Result "1/2-1/2"]
[ECO "A06"]
[WhiteElo "2445"]
[BlackElo "2280"]
[Annotator "NA"]
[PlyCount "73"]
[EventDate "2019.05.25"]
[EventType "tourn"]
[EventCountry "GER"]
[Tiebreak "Number of wins+Number of black wins"]
[SourceTitle "playchess.com"]
[Source "ChessBase"]
[SourceQuality "1"]
[TimeControl "180+2"]

1. Nf3 d5 2. e3 Nf6 3. c4 e6 4. Nc3 Be7 5. b3 O-O 6. Bb2 c6 7. d4 Nbd7 8. Bd3 dxc4 9. bxc4 c5 10. d5 exd5 11. cxd5 Nb6 12. e4 c4 13. Bc2 Bg4 14. O-O Re8 15. Re1 Bc5 16. h3 Bh5 17. a4 a6 18.
Ba3 Nbd7 19. Bxc5 Nxc5 20. Qd4 Nb3 21. Bxb3 cxb3 22. e5 b2 23. Rab1 Bxf3 24. gxf3 Nh5 25. Qg4 Rc8 26. Re3 g6 27. Rxb2 f5 28. exf6 Qxf6 29. Rxe8+ Rxe8 30. Rc2 Nf4 31. Ne4 Qa1+ 32. Kh2 Qe5 33. Qg3 h5 34. h4 Qf5 35. Rc7 Nxd5 36. Nd6 Rf8 37. Nxf5 1/2-1/2

[Event "GER-ch Blitz 2019"]
[Site "Magdeburg"]
[Date "2019.05.25"]
[Round "4.13"]
[White "Krause, Benedict"]
[Black "Voege, Tobias"]
[Result "1/2-1/2"]
[ECO "B37"]
[WhiteElo "2434"]
[BlackElo "2294"]
[Annotator "NA"]
[PlyCount "102"]
[EventDate "2019.05.25"]
[EventType "tourn"]
[EventCountry "GER"]
[Tiebreak "Number of wins+Number of black wins"]
[SourceTitle "playchess.com"]
[Source "ChessBase"]
[SourceQuality "1"]
[TimeControl "180+2"]

1. e4 c5 2. Nf3 Nc6 3. d4 cxd4 4. Nxd4 g6 5. c4 Bg7 6. Nc2 Nf6 7. Nc3 a6 8. Be3 b5 9. cxb5 axb5 10. Bxb5 Nxe4 11. Nxe4 Qa5+ 12. Nc3 Bxc3+ 13. bxc3 Qxb5 14. Nd4 Qc4 15. Qb3 Ba6 16. Qxc4 Bxc4 17. Nxc6 dxc6 18. a4 O-O 19. f3 Rfb8 20. Kf2 Rb2+ 21. Kg3 f6 22. Rhb1 Rxb1 23. Rxb1 Rxa4 24. Rb4 Bb5 25. Rxa4 Bxa4 26. Bc5 Kf7 27. Kf4 e5+ 28. Ke3 Bb5 29. g3 Ke6 30. f4 Kd5 31. Be7 Ke6 32. Bd8 Bc4 33. fxe5 Kxe5 34. h4 h6 35. Bc7+ Kf5 36. Kf2 Kg4 37. Bd8 Kf5 38. Bc7 g5 39. hxg5 fxg5 40. Kg1 Kg4 41. Kh2 Kf3 42. Be5 h5 43. Bf6 Kg4 44. Bd8 h4 45. gxh4 Kxh4 46. Kg1 Kg4 47.
Bf6 Kf4 48. Bh8 g4 49. Bg7 Kf3 50. Bh8 g3 51. Bg7 g2 1/2-1/2

[Event "GER-ch Blitz 2019"]
[Site "Magdeburg"]
[Date "2019.05.25"]
[Round "4.14"]
[White "Braeuning, Rudolf Wilhelm"]
[Black "Hebbinghaus, Holger"]
[Result "1-0"]
[ECO "B03"]
[WhiteElo "2285"]
[BlackElo "2310"]
[Annotator "NA"]
[PlyCount "64"]
[EventDate "2019.05.25"]
[EventType "tourn"]
[EventCountry "GER"]
[Tiebreak "Number of wins+Number of black wins"]
[SourceTitle "playchess.com"]
[Source "ChessBase"]
[SourceQuality "1"]
[TimeControl "180+2"]

1. e4 Nf6 2. e5 Nd5 3. d4 d6 4. f4 dxe5 5. fxe5 c5 6. Nf3 cxd4 7. Nxd4 e6 8. Bb5+ Bd7 9. Bxd7+ Qxd7 10. O-O Bc5 11. Kh1 O-O 12. Qg4 Kh8 13. c3 Nc6 14. Nxc6 Qxc6 15. Bg5 Ne3 16. Bxe3 Bxe3 17. Na3 Rad8 18. Nc4 Bc5 19. h3 b5 20. Na5 Qc7 21. Nb3 Qxe5 22. Rae1 Qc7 23. Qh5 Rc8 24. Re5 Bd6 25. Rxb5 Qc4 26. Re1 g6 27. Qe2 Bg3 28. Qxc4 Rxc4 29. Re3 Bf4 30. Rf3 Rd8 31. Rf1 Kg8 32. Rb7 e5 1-0

[Event "GER-ch Blitz 2019"]
[Site "Magdeburg"]
[Date "2019.05.25"]
[Round "4.15"]
[White "Barzen, Pascal"]
[Black "Heistermann, Till"]
[Result "1/2-1/2"]
[ECO "C41"]
[WhiteElo "2292"]
[BlackElo "2181"]
[Annotator "NA"]
[PlyCount "65"]
[EventDate "2019.05.25"]
[EventType "tourn"]
[EventCountry "GER"]
[Tiebreak "Number of wins+Number of black wins"]
[SourceTitle "playchess.com"]
[Source "ChessBase"]
[SourceQuality "1"]
[TimeControl "180+2"]

1. e4 d6 2. d4 e5 3. Nf3 exd4 4. Nxd4 Nf6 5. Nc3 Be7 6. Be2 O-O 7. O-O Re8 8. Bg5 h6 9. Be3 Bf8 10. Bf3 Nbd7 11. g3 Nc5 12. Re1 Ncxe4 13. Nxe4 Nxe4 14. Bxh6 Nxf2 15. Kxf2 gxh6 16. Qd3 Bg7 17. Rxe8+ Qxe8 18. Re1 Qa4 19. c3 Bd7 20. a3 Re8 21. Rxe8+ Bxe8 22. Bxb7 Qa5 23. Bf3 Qb6 24. b4 c5 25. bxc5 dxc5 26. Nf5 c4+ 27. Qe3 Qxe3+ 28. Kxe3 Bxc3 29. Nd6 Bd7 30. Nxc4 Be6 31. Be2 Kg7 32. Kd3 Bxc4+ 33. Ke4 1/2-1/2

[Event "GER-ch Blitz 2019"]
[Site "Magdeburg"]
[Date "2019.05.25"]
[Round "5.2"]
[White "Heidrich, Manfred"]
[Black "Schulze, Marc"]
[Result "1/2-1/2"]
[ECO "B22"]
[WhiteElo "2351"]
[BlackElo "2220"]
[Annotator "NA"]
[PlyCount "36"]
[EventDate "2019.05.25"]
[EventType "tourn"]
[EventCountry "GER"]
[Tiebreak "Number of wins+Number of black wins"]
[SourceTitle "playchess.com"]
[Source "ChessBase"]
[SourceQuality "1"]
[TimeControl "180+2"]

1. e4 c5 2. c3 d5 3. exd5 Qxd5 4. d4 Nf6 5. Nf3 Bg4 6. Be2 e6 7. Na3 cxd4 8. Nb5 Na6 9. Nbxd4 Nc5 10. h3 Bh5 11. Be3 a6 12. Nb3 Qxd1+ 13.
Rxd1 Nxb3 14. axb3 Be7 15. b4 O-O 16. O-O Rfd8 17. Bb6 Rxd1 18. Rxd1 Nd5 1/2-1/2

[Event "GER-ch Blitz 2019"]
[Site "Magdeburg"]
[Date "2019.05.25"]
[Round "5.3"]
[White "Zelbel, Patrick"]
[Black "Kirchner, Thomas"]
[Result "1-0"]
[ECO "C30"]
[WhiteElo "2439"]
[BlackElo "2311"]
[Annotator "NA"]
[PlyCount "53"]
[EventDate "2019.05.25"]
[EventType "tourn"]
[EventCountry "GER"]
[Tiebreak "Number of wins+Number of black wins"]
[SourceTitle "playchess.com"]
[Source "ChessBase"]
[SourceQuality "1"]
[TimeControl "180+2"]

1. e4 e5 2. f4 Bc5 3. Nf3 d6 4. Nc3 Nf6 5. Bc4 Nc6 6. d3 a6 7. f5 h6 8. a3 Nd4 9. Nd5 c6 10. Nxf6+ Qxf6 11. c3 Nxf3+ 12. Qxf3 Bd7 13. Be3 O-O-O 14. Bxc5 dxc5 15. Qe3 Qe7 16. b4 cxb4 17. axb4 Kc7 18. Rxa6 Ra8 19. Qb6+ Kb8 20. Rxa8+ Kxa8 21. O-O Kb8 22. Ra1 Bc8 23. Ra7 Qg5 24. Ra1 Qd2 25. Qa7+ Kc7 26. Qa5+ Kb8 27. Qxe5# 1-0

[Event "GER-ch Blitz 2019"]
[Site "Magdeburg"]
[Date "2019.05.25"]
[Round "5.4"]
[White "Kopylov, Michael"]
[Black "Kopylov, Daniel"]
[Result "1/2-1/2"]
[ECO "B22"]
[WhiteElo "2413"]
[BlackElo "2263"]
[Annotator "NA"]
[PlyCount "31"]
[EventDate "2019.05.25"]
[EventType "tourn"]
[EventCountry "GER"]
[Tiebreak "Number of wins+Number of black wins"]
[SourceTitle "playchess.com"]
[Source "ChessBase"]
[SourceQuality "1"]
[TimeControl "180+2"]

1. e4 c5 2. c3 d5 3. d3 Nc6 4. Nf3 Bg4 5. Nbd2 e6 6. Be2 Bxf3 7. Nxf3 dxe4 8.
dxe4 Qxd1+ 9. Kxd1 Nf6 10. Nd2 O-O-O 11. Kc2 Bd6 12. a4 h5 13. f3 h4 14. Nc4 Bc7 15. Be3 Nd7 16. a5 1/2-1/2

[Event "GER-ch Blitz 2019"]
[Site "Magdeburg"]
[Date "2019.05.25"]
[Round "5.5"]
[White "Schmaltz, Roland"]
[Black "Ehmann, Thilo"]
[Result "1-0"]
[ECO "B41"]
[WhiteElo "2461"]
[BlackElo "2291"]
[Annotator "ChessBase"]
[PlyCount "65"]
[EventDate "2019.05.25"]
[EventType "tourn"]
[EventCountry "GER"]
[Tiebreak "Number of wins+Number of black wins"]
[SourceTitle "playchess.com"]
[Source "ChessBase"]
[SourceQuality "1"]
[TimeControl "180+2"]

1. e4 c5 2. Nf3 e6 3. d4 cxd4 4. Nxd4 a6 5. c4 Qc7 6. Nc3 Nf6 7. a3 Be7 8. Be2 O-O 9. O-O b6 10. Be3 Bb7 11. f3 d6 12. Rc1 Nbd7 13. Qd2 Rac8 14. Rfd1 Qb8 15. b4 Rfe8 16. Bf1 Bf8 17. Rc2 Qa8 18. Na4 d5 19. e5 dxc4 20. exf6 b5 21.
fxg7 Bxg7 22. Nc3 Rcd8 23. Bh6 Ne5 24. Bxg7 Kxg7 25. Qg5+ Ng6 26. Rcd2 h6 27. Qg3 Kh7 28. h4 e5 29. Nf5 Rxd2 30. Rxd2 Rg8 31. Rd7 Nf4 32. Rxf7+ Kh8 33. Rg7 1-0

[Event "GER-ch Blitz 2019"]
[Site "Magdeburg"]
[Date "2019.05.25"]
[Round "5.6"]
[White "Braeuer, Franz"]
[Black "Stein, Robert"]
[Result "1/2-1/2"]
[ECO "C45"]
[WhiteElo "2445"]
[BlackElo "2318"]
[Annotator "NA"]
[PlyCount "117"]
[EventDate "2019.05.25"]
[EventType "tourn"]
[EventCountry "GER"]
[Tiebreak "Number of wins+Number of black wins"]
[SourceTitle "playchess.com"]
[Source "ChessBase"]
[SourceQuality "1"]
[TimeControl "180+2"]

1. e4 e5 2. Nf3 Nc6 3. d4 exd4 4. Nxd4 Bc5 5. Nb3 Bb4+ 6. Nc3 Nf6 7. Bd3 O-O 8. O-O h6 9. Nd5 Re8 10. Bf4 Nxd5 11. exd5 Ne5 12. Be2 Bf8 13. Qd2 d6 14. Nd4 Bd7 15. Rfe1 Qf6 16. c4 Ng6 17. Be3 Nh4 18. Bd3 Nf5 19. Nxf5 Bxf5 20. Bxf5 Qxf5 21. Bd4 b6 22. h3 a5 23. b3 Qd7 24. Qd3 Rxe1+ 25. Rxe1 Re8 26. Rxe8 Qxe8 27. Kf1 g6 28. Qe3 Qd7 29. Qe4 Bg7 30. Be3 Qd8 31. g3 Kh7 32. Kg2 h5 33. g4 hxg4 34. hxg4 Qh4 35. Qf3 Kg8 36. Qg3 Qe7 37. Qf3 Qe5 38. Bf4 Qb2 39. a4 Qd4 40. Be3 Qd3 41. Bg5 Qxf3+ 42. Kxf3 f6 43. Bd2 Kf7 44. Ke4 Ke7 45. b4 axb4 46.
Bxb4 Kd7 47. a5 bxa5 48. Bxa5 c5 49. Kd3 f5 50. gxf5 gxf5 51. Ke3 Be5 52. Kf3 Ke7 53. Bd2 Kf6 54. Ba5 Kg6 55. Bd8 Kh5 56. Be7 Kg6 57. Bh4 Kh5 58. Be7 Kg6 59. Bh4 1/2-1/2

[Event "GER-ch Blitz 2019"]
[Site "Magdeburg"]
[Date "2019.05.25"]
[Round "5.7"]
[White "Zuyev, Igor"]
[Black "Buhmann, Rainer"]
[Result "1-0"]
[ECO "C14"]
[WhiteElo "2447"]
[BlackElo "2573"]
[Annotator "ChessBase"]
[PlyCount "91"]
[EventDate "2019.05.25"]
[EventType "tourn"]
[EventCountry "GER"]
[Tiebreak "Number of wins+Number of black wins"]
[SourceTitle "playchess.com"]
[Source "ChessBase"]
[SourceQuality "1"]
[TimeControl "180+2"]

1. e4 e6 2. d4 d5 3. Nc3 Nf6 4. Bg5 Be7 5. e5 Nfd7 6. Bxe7 Qxe7 7. f4 a6 8. Nf3 c5 9. dxc5 Nxc5 10. a3 Nc6 11. Be2 O-O 12. Nd4 f6 13.
O-O fxe5 14. Nxc6 bxc6 15. fxe5 Rxf1+ 16. Qxf1 Bb7 17. Qf2 Nd7 18. Rf1 Nxe5 19. Qb6 c5 20. Na4 d4 21. Nxc5 Bd5 22. Rf2 h5 23. Nxa6 Ng4 24. Bxg4 hxg4 25. Nb4 Rf8 26. Rxf8+ Qxf8 27. Nxd5 exd5 28. Qe6+ Kh8 29. Qxg4 Qc5 30. Qh3+ Kg8 31. Qd3 Qe7 32. h3 Qe1+ 33. Kh2 Qe5+ 34. g3 Qe1 35. Kg2 Qc1 36. b4 Qb2 37. b5 Kf7 38.
Qf5+ Ke7 39. Qe5+ Kd8 40. Qxd5+ Kc8 41. Qc5+ Kb8 42. a4 d3 43. Qb6+ Kc8 44. Qc6+ Kb8 45. Qd6+ Kb7 46. Qxd3 1-0